 Dungeon Crawl Stone Soup version 0.23-a0-644-gb60d84b (webtiles) character file.

73 zishaf the Sneak (level 4, -1/23 HPs)
             Began as a Vine Stalker Assassin on Jan 1, 2019.
             Slain by a hobgoblin (2 damage)
             ... on level 3 of the Dungeon.
             The game lasted 00:02:32 (1746 turns).

zishaf the Sneak (Vine Stalker Assassin)            Turns: 1746, Time: 00:02:32

Health: -1/23      AC:  6    Str: 15    XL:     4   Next: 27%
Magic:  0/5        EV:  6    Int: 11    God:
Gold:   63         SH: 11    Dex: 12    Spells: 3/3 levels left

rFire    . . .     SeeInvis .   a - +2 dagger
rCold    . . .     Gourm    .   u - +0 large shield
rNeg     . . .     Faith    .   y - +0 ring mail
rPois    .         Spirit   +   (no helmet)
rElec    .         Reflect  .   d - +0 cloak
rCorr    .         Harm     .   (no gloves)
MR       .....                  (no boots)
Stlth    ++........             (no amulet)
HPRegen  0.47/turn              o - -3 ring of dexterity (curse)
MPRegen  0.09/turn              p - ring of flight

@: no status effects
A: fangs 2, regeneration 1, magic shield, antimagic bite, no potion heal 3, rot
immunity
a: Evoke Flight


You were on level 3 of the Dungeon.
You were hungry.

You visited 1 branch of the dungeon, and saw 3 of its levels.

You collected 63 gold pieces.

Inventory:

Hand Weapons
 a - a +2 dagger (weapon)
 b - a +0 hunting sling
 w - a +0 blowgun
Missiles
 e - 18 poisoned needles
 f - 2 curare-tipped needles
 s - 40 sling bullets
 t - 31 stones (quivered)
Armour
 d - a +0 cloak (worn)
 u - a +0 large shield (worn)
 x - a +0 shield
 y - a +0 ring mail (worn)
Jewellery
 o - a cursed -3 ring of dexterity (left hand)
 p - a ring of flight (right hand)
Scrolls
 c - a scroll of enchant weapon {unknown}
 i - a scroll of teleportation {unknown}
 j - a scroll of enchant armour {unknown}
 k - a scroll of identify {unknown}
 l - a scroll of magic mapping {unknown}
 m - a scroll of amnesia {unknown}
Potions
 h - a potion of flight {unknown}
 n - a potion of curing {unknown}
 q - a potion of cancellation {unknown}
 r - a potion of degeneration {unknown}
 v - a potion of haste {unknown}
 z - a potion of might {unknown}
Comestibles
 g - 5 rations


   Skills:
 + Level 2.6 Fighting
 + Level 2.6 Short Blades
 - Level 1.7 Throwing
 + Level 0.3 Armour
 - Level 1.0 Dodging
 - Level 5.0 Stealth
 * Level 1.3 Shields


You had 3 spell levels left.
You didn't know any spells.
Your spell library was empty.

Dungeon Overview and Level Annotations

Branches:
Dungeon (3/15)

Altars:


Innate Abilities, Weirdness & Mutations

You have extremely sharp teeth.
Your natural rate of healing is unusually fast.
When hurt, damage is shared between your health and your magic reserves.
Your bite disrupts and absorbs the magic of your enemies.
Potions cannot restore your health.
You are immune to rotting.


Message History

* * * LOW HITPOINT WARNING * * *
The rat bites you but does no damage. The hobgoblin completely misses you.
You block the hobgoblin's attack. You block the gnoll's attack.
The bat completely misses you.
The jackal bites you but does no damage.
You hit the gnoll.
You kill the gnoll!
The bat hits you but does no damage. The bat barely misses you.
The hobgoblin hits you.
* * * LOW HITPOINT WARNING * * *
The rat bites you.
* * * LOW HITPOINT WARNING * * *
You block the hobgoblin's attack. You block the jackal's attack.
You hit the rat.
You kill the rat!
You block the bat's attack. You block the jackal's attack.
The hobgoblin hits you.
* * * LOW HITPOINT WARNING * * *
The hobgoblin hits you.
You die...

. .. . . .# ..
#. .. . ... #.
##.##.. ....#.#
.......
.>.....#.......
......†hg..(...
......b@.....#
.....##.g......
... ##.....#. .
....(# .#.#.#
.#.. !. ## #. .
.#


You could see a jackal, 2 hobgoblins and a bat.

Vanquished Creatures
  2 gnolls (D:3)
  An adder (D:2)
  A leopard gecko (D:1)
  2 giant cockroaches (D:2)
  3 goblins
  8 hobgoblins
  7 jackals
  3 kobolds
  A quokka (D:2)
  3 bats (D:1)
  4 frilled lizards
  5 rats
40 creatures vanquished.

Notes
Turn   | Place    | Note
-------+----------+-------------------------------------------
     0 | D:1      | zishaf the Vine Stalker Assassin began the quest for the
                  | Orb.
     0 | D:1      | Reached XP level 1. HP: 11/11 MP: 2/2
   116 | D:1      | Reached skill level 1 in Dodging
   151 | D:1      | Reached skill level 5 in Stealth
   151 | D:1      | Reached XP level 2. HP: 15/15 MP: 3/3
   699 | D:1      | Reached XP level 3. HP: 19/19 MP: 4/4
  1717 | D:3      | Reached skill level 1 in Shields
  1730 | D:3      | Gained mutation: Your natural rate of healing is unusually
                  | fast. [Vine Stalker growth]
  1730 | D:3      | Reached XP level 4. HP: 15/23 MP: 5/5
  1745 | D:3      | HP: 1/23 [rat (1)]
  1746 | D:3      | Slain by a hobgoblin

Vault maps used:
D:1:      lightli_arrival_chessboard
D:3:      cheibrodos_sewer_entry_drain, kennysheep_generic_room_13

Skill      XL: |  1  2  3 |
---------------+----------+-----
Dodging        | 1 |  1.0
Fighting       | 2 |  2.6
Short Blades   | 2 |  2.6
Stealth        | 5 |  5.0
Shields        | 1 |  1.3
Throwing       | |  1.7
Armour         | |  0.3

Action                   |  1- 3 |  4- 6 || total
-------------------------+-------+-------++-------
Melee: Dagger            |    96 |    16 ||   112
       Bite              |    14 |     2 ||    16
 Fire: Hunting sling     |     4 |       ||     4
 Stab: Sleeping          |    11 |       ||    11
  Eat: Chunk             |     2 |       ||     2
Armor: Robe              |    10 |       ||    10
       Ring mail         |    14 |    18 ||    32
Dodge: Dodged            |    32 |    15 ||    47
Block: Large shield      |    27 |    31 ||    58

Table legend:
 A = Non-vault XP
 B = Vault XP
 C = Vault XP percentage of total XP
 D = Non-vault monster count
 E = Vault monster count
 F = Vault count percentage of total count
                 A         B        C        D         E       F
            +---------+---------+-------+---------+---------+-------
      Total |     104 |       1 |   1.0 |      39 |       1 |   2.5
            +---------+---------+-------+---------+---------+-------
        D:1 |      34 |       0 |   0.0 |      18 |       0 |   0.0
        D:2 |      34 |       0 |   0.0 |      15 |       0 |   0.0
        D:3 |      36 |       1 |   2.7 |       6 |       1 |  14.3
            +---------+---------+-------+---------+---------+-------
